[Event "Festival Groningen-A 2024"]
[Site "Groningen"]
[Date "2024.12.26"]
[Round "5.1"]
[White "Narayanan S L"]
[Black "Elgersma, Onno"]
[Result "1-0"]
[ECO "D37"]
[WhiteElo "2647"]
[BlackElo "2322"]
[Annotator "TA"]
[PlyCount "101"]
[EventDate "2024.12.21"]
[EventType "swiss"]
[EventCountry "NED"]
[SourceTitle "playchess.com"]
[Source "ChessBase"]
[SourceQuality "1"]
[TimeControl "40/5400+30:1800+30"]

1. d4 d5 2. c4 e6 3. Nf3 Nf6 4. Nc3 h6 5. e3 Bd6 6. b3 O-O 7. Bb2 b6 8. cxd5 exd5 9. Bd3 Bb7 10. O-O a6 11. Ne5 c5 (11... Nbd7 $11) 12. Ne2 {[%emt 0:05:27] White is much more active. The black rooks are passive.} (12. Na4 $16) 12... Re8 $14 13. f4 Nc6 14. Rc1 Rc8 15. Ng3 cxd4 (15... Rc7 $14) 16. exd4 $16 Nb4 17. Rxc8 Qxc8 18. Bb1 Bf8 $1 19. a3 Nc6 20. Qf3 Ne7 21. Rc1 Qd8 22. Nh5 {[%emt 0:17:37] Threatening Nxf6+.} Ne4 23. f5 f6 24. Ng4 $36 {[%emt 0:00:12][%mdl 2048] White is more active.} Nd2 $2 (24... Kh8 $11) 25. Qg3 Kh8 26. Ngxf6 gxf6 27. Nxf6 Nxb1 28. Rc7 (28. Rxb1 Bg7 29. Nxe8 Qxe8 $16) 28... Bg7 29. Nxe8 Qxe8 30. Qe1 Bf6 31. Rxb7 Qc8 32. Rxb6 ({Don't do} 32. Rxe7 Bxe7 33. Qxe7 (33. Qxb1 Bg5 $18) 33... Qxf5 $18) 32... Qxf5 33. Rxf6 Qxf6 34. Qxb1 $18 {[%emt 0:00:06][%mdl 4096] Endgame KQB-KQN. White is two pawns up.} Nf5 (34... Qe6 $142 35. Qc1 Kg8) 35. Qe1 Kh7 36. Qe5 Qf7 37. Bc1 h5 38. Bg5 Kg6 39. h4 Ng7 40. b4 {[%emt 0:00:42] Hoping for a4.} Qf5 41. Qe2 Qc8 42. a4 Qc6 43. b5 axb5 44. axb5 Qb6 45. Qc2+ Kf7 46. Qc5 Qe6 47. b6 {[%emt 0:00:00] White threatens b7 and mate.} Nf5 48. Qc7+ Kg6 49. b7 Nxd4 50. Qe7 ({Not} 50. b8=B Qe1+ 51. Kh2 Nf3+ 52. gxf3 Qf2+ 53. Kh3 Qf1+ 54. Kh2 (54. Kg3 Qg1+ 55. Kf4 Qd4+ 56. Kg3 Qg1+ 57. Kh3 Qf1+ 58. Kg3 Qg1+ $11) 54... Qf2+ 55. Kh1 Qf1+ 56. Kh2 Qf2+ $11) 50... Qb6 {[%emt 0:00:00] [#]} 51. Qf6+ $1 1-0

[Event "Festival Groningen-A 2024"]
[Site "Groningen"]
[Date "2024.12.26"]
[Round "5.2"]
[White "Schoppen, Casper"]
[Black "Pham, Khoi"]
[Result "1/2-1/2"]
[ECO "A13"]
[WhiteElo "2539"]
[BlackElo "2285"]
[Annotator "TA"]
[PlyCount "113"]
[EventDate "2024.12.21"]
[EventType "swiss"]
[EventCountry "NED"]
[SourceTitle "playchess.com"]
[Source "ChessBase"]
[SourceQuality "1"]
[TimeControl "40/5400+30:1800+30"]

1. c4 e6 2. Nf3 Nf6 3. g3 d5 4. Bg2 d4 5. O-O Nc6 6. d3 Bc5 7. Nbd2 O-O 8. Nb3 Be7 {[%emt 0:00:05] White has an edge.} 9. e3 dxe3 10. Bxe3 Ng4 11. Bc5 Bxc5 12. Nxc5 b6 13. Ne4 Bb7 14. d4 {[%emt 0:03:45] Prevents Nge5} Rb8 15. Nc3 Nf6 16. Re1 Ne7 17. Ne5 Bxg2 18. Kxg2 c6 19. a4 Qd6 20. Qd3 Rfd8 21. Rad1 Rbc8 22. Qf3 {[%emt 0:04:14] [#] And now Ne4 would win.} Rf8 $1 23. h4 Nd7 24. Ne4 (24. Nxd7 {simplifies} Qxd7 25. b3 Rcd8 26. d5) 24... Qc7 25. h5 {[%emt 0:03:16][%cal Oh5h6] Black must now prevent h6!} (25. Ng4 {simplifies} Rcd8 26. b4 h6 27. Nc3) 25... h6 (25... Nxe5 26. dxe5 Ra8 27. g4 $14) 26. Qf4 Nxe5 27. dxe5 c5 28. Rd3 Rcd8 29. Red1 Rxd3 30. Rxd3 Nc6 31. Rd6 Nd4 32. g4 Qb7 33. f3 Qa6 $1 34. Nxc5 Qxc4 35. Qxd4 ({Much worse is} 35. Rxd4 Qe2+ (35... Qxc5 36. Rc4 $11) 36. Kg3 bxc5 $11) 35... Qxd4 36. Rxd4 bxc5 $14 {[%emt 0:00:04][%mdl 4096] Endgame. KR-KR} 37. Rc4 Rb8 38. Rxc5 {[%emt 0:00:13] Hoping for Kg3.} Rxb2+ 39. Kg3 Rb4 40. Ra5 Rb7 41. Rc5 Rb4 42. Rc8+ (42. a5 $1 $14 {is superior.}) 42... Kh7 $11 {[%emt 0:00:05] The position is equal.} 43. Rc7 Rxa4 44. Rxf7 Kg8 $1 {[%emt 0:03:00] Inhibits Rf8+.} 45. Re7 Ra6 46. Re8+ Kf7 47. Rc8 Ra1 48. Rc7+ Kf8 49. f4 a5 50. Rc8+ Ke7 51. Rg8 Kf7 52. Ra8 a4 53. Ra7+ Kf8 54. Ra8+ Ke7 55. Ra7+ Kf8 56. Ra8+ Ke7 57. Ra7+ {[%emt 0:00:03] Weighted Error Value: White=0.04 (flawless) /Black=0.02 (flawless) .  Mistake:       	White=1     	---        Inaccurate:     	---       	Black=2      OK:         	White=21    	Black=32     Best:        	White=2     	Black=5      Strong:       	---       	Black=3} 1/2-1/2

[Event "Festival Groningen-A 2024"]
[Site "Groningen"]
[Date "2024.12.26"]
[Round "5.3"]
[White "Maatman, Nick"]
[Black "Kazakouski, Valery"]
[Result "1-0"]
[ECO "B90"]
[WhiteElo "2375"]
[BlackElo "2567"]
[Annotator "TA"]
[PlyCount "231"]
[EventDate "2024.12.21"]
[EventType "swiss"]
[EventCountry "NED"]
[SourceTitle "playchess.com"]
[Source "ChessBase"]
[SourceQuality "1"]
[TimeControl "40/5400+30:1800+30"]

1. e4 c5 2. Nf3 d6 3. d4 cxd4 4. Nxd4 Nf6 5. Nc3 a6 6. Be3 e5 7. Nb3 Be7 8. h3 Be6 9. g4 h6 10. Qf3 Nc6 11. O-O-O Qc7 12. Kb1 b5 13. Qg2 Na5 14. Nxa5 Qxa5 15. Nd5 Nd7 16. f4 Bh4 17. Bd2 Qd8 18. Bb4 Bxd5 19. Rxd5 Be7 20. Bxd6 Bxd6 21. Rxd6 Qe7 22. fxe5 Nxe5 23. Rd5 O-O 24. Qg3 Rfe8 25. Bg2 Rac8 26. Rhd1 Rc6 27. Bf1 Qc7 28. Bd3 b4 29. Qh2 Re7 30. Qd2 a5 31. Bb5 Rce6 32. Qd4 Kh7 33. Qc5 Qb7 34. b3 Rc7 35. Qf2 Rc3 36. Bd7 Nxd7 37. Qf5+ Rg6 38. Rxd7 Qc6 39. h4 Rc5 40. e5 Qe6 41. Rxf7 Rxe5 42. Qxe6 Rexe6 43. Rf4 Re2 44. Rc4 Rg2 45. Rdd4 Re6 46. Kb2 Re5 47. h5 Rg1 48. a3 bxa3+ 49. Kxa3 Rg5 50. Rf4 Ra1+ 51. Kb2 Rg1 52. Ra4 Rg2 53. Rf5 R2xg4 54. Raxa5 Rg2 55. Rfc5 R5g4 56. Ka3 Rh2 57. c4 Rg3 58. Kb4 Rhh3 59. Ra3 Kg8 60. Rf5 Rc3 61. c5 Rc1 62. Kb5 Kh7 63. Rd5 Rhc3 64. Kb6 R1c2 65. Kc6 Rf2 66. Re5 Rh2 67. Kd6 Rh1 $2 (67... Rf2 68. Ra5 Rxb3) 68. Rd5 Rh2 69. c6 Rhc2 (69... Rf2 $142 70. Kc7 Rf6) 70. Ra6 $18 Rxb3 71. c7 Rbc3 72. Ra7 Rc1 73. Kd7 R3c2 74. Kd8 Rf2 75. Kc8 (75. c8=B $2 Rf8+ 76. Ke7 Rcxc8 $17 (76... Rfxc8 $2 77. Raa5 $19)) 75... Rf8+ 76. Rd8 Rf5 77. Kb8 Rxh5 78. c8=Q (78. c8=R Rxc8+ 79. Kxc8 Rc5+ 80. Kb7 Rf5 $18) 78... Rxc8+ 79. Kxc8 Rg5 80. Rd4 h5 81. Kd7 Kh6 82. Ke6 Rg1 (82... g6 $142 83. Ra8 Rf5) 83. Kf5 $18 Rf1+ 84. Rf4 g6+ 85. Ke4 Rb1 86. Ra3 Rb6 87. Kf3 Rc6 88. Rfa4 Rc8 89. Kg3 Rc7 90. Kh3 Rc8 91. Ra6 Rc7 92. Rg3 Rg7 93. Kg2 Rg8 94. Kf2 (94. Rb3 $142 Kg5 95. Rb5+ Kh6 96. Rbb6 h4 97. Kh3 Kh5 98. Ra5+ g5 99. Rb4) 94... Rg7 95. Rg1 Rg8 96. Kf3 Rg7 97. Kf4 Rg8 98. Ke5 Rg7 99. Kf6 Rg8 100. Ra7 Rf8+ 101. Rf7 Rg8 102. Rg2 h4 103. Ke5 Ra8 104. Kf4 (104. Rf6 $142 Ra5+ 105. Kf4 Ra4+ 106. Ke5 Kh5 107. Rgxg6 (107. Rfxg6 h3 $18) 107... h3 108. Kf5 Kh4 109. Rg8) 104... g5+ 105. Kg4 ({Worse is} 105. Rxg5 Ra4+ 106. Kf5 Ra5+ 107. Kg4 Rxg5+ 108. Kh3 Rg3+ 109. Kh2 Rd3 $11) 105... Kg6 106. Rb7 Ra4+ 107. Kh3 Ra5 108. Rgb2 Kh5 109. Rb8 Ra3+ 110. Kh2 Ra5 111. Rh8+ Kg6 112. Rb3 (112. Rb6+ $142 Kf5 113. Rf8+ Kg4 114. Rb2 Kh5 115. Rh8+ Kg6 116. Rg2 Rb5 117. Rxh4) 112... Kg7 113. Rhb8 Kg6 114. Kh3 Ra4 115. R3b6+ Kf5 116. Rb5+ 1-0

[Event "Festival Groningen-A 2024"]
[Site "Groningen"]
[Date "2024.12.26"]
[Round "5.4"]
[White "Albers, Sasa"]
[Black "Beerdsen, Thomas"]
[Result "0-1"]
[ECO "C70"]
[WhiteElo "2268"]
[BlackElo "2502"]
[Annotator "TA"]
[PlyCount "74"]
[EventDate "2024.12.21"]
[EventType "swiss"]
[EventCountry "NED"]
[SourceTitle "playchess.com"]
[Source "ChessBase"]
[SourceQuality "1"]
[TimeControl "40/5400+30:1800+30"]

1. e4 e5 2. Nf3 Nc6 3. Bb5 a6 4. Ba4 Nge7 5. c3 f6 6. d4 d5 7. exd5 Qxd5 8. dxe5 {[%emt 0:00:32] White is slightly better.} Bg4 9. Qxd5 Nxd5 10. Bxc6+ bxc6 11. Nbd2 O-O-O 12. O-O Nf4 13. Ne4 Bxf3 14. gxf3 Nd3 15. Kg2 (15. exf6 $14 gxf6 16. Nxf6) 15... Nxe5 $11 16. Be3 Nd3 17. Rad1 Be7 18. b3 f5 19. Nd2 (19. Ng3 $11) 19... Bf6 $17 20. Nb1 Rhe8 21. f4 Re4 {[%emt 0:03:01] Black is much more active.} 22. Nd2 {[%emt 0:02:04] [#]} ({Better is} 22. Kg3 $15) 22... Rxe3 $1 23. fxe3 {[%emt 0:00:21] [#] Threatens to win with Nb1.} Nb2 $1 (23... Bxc3 $2 {loses.} 24. Nb1 Ba1 25. Kf3 $18) 24. Rb1 (24. Kf2 $17) 24... Rxd2+ $19 25. Rf2 Rxf2+ ({Weaker is} 25... Bxc3 26. Rxd2 Bxd2 27. Rxb2 Bxe3 28. Re2 Bxf4 29. Re7 $16) 26. Kxf2 {[%emt 0:00:02] [#]} Bxc3 (26... Nd3+ $1 $19 {is more deadly.} 27. Kf3 Bxc3) 27. Ke2 $17 Bf6 {[%emt 0:01:43] aiming for ...Kd7.} 28. Rg1 $2 (28. Rc1 $17 {was the only defense.} Kb7 29. Rc5) 28... Kd7 $19 29. Rg3 h5 30. Rg1 c5 31. Rc1 Kc6 32. Rc2 a5 {[%emt 0:00:28] Black is clearly winning.} 33. Rd2 c4 34. bxc4 Nxc4 35. Rc2 (35. Rd1 $142) 35... Kd5 36. Kf3 c5 37. h3 Nd6 {[%emt 0:00:19] Weighted Error Value: White=0.47/Black=0.13 (very precise) .  Loses game:     	White=1     	---        Mistake:       	White=5     	Black=1      Inaccurate:     	White=2     	Black=2      OK:         	White=9     	Black=14     Best:        	White=1     	Black=2      Strong:       	---       	Black=1} 0-1

[Event "Festival Groningen-A 2024"]
[Site "Groningen"]
[Date "2024.12.26"]
[Round "5.5"]
[White "Poetsch, Hagen"]
[Black "Madularea, David"]
[Result "1-0"]
[ECO "C01"]
[WhiteElo "2491"]
[BlackElo "2245"]
[Annotator "TA"]
[PlyCount "51"]
[EventDate "2024.12.21"]
[EventType "swiss"]
[EventCountry "NED"]
[SourceTitle "playchess.com"]
[Source "ChessBase"]
[SourceQuality "1"]
[TimeControl "40/5400+30:1800+30"]

1. e4 e6 2. d4 d5 3. Nc3 Bb4 4. exd5 exd5 5. Bd3 Ne7 6. a3 Bd6 7. Qh5 Be6 8. Nf3 (8. Bxh7 $2 Nd7 (8... Bf5 $2 9. Qxf5 Nxf5 10. Bxf5 $19) 9. Qe2 Rxh7 $19) 8... Nbc6 9. Nb5 (9. Bxh7 $2 g6 10. Qh4 Qd7 $19 (10... Nf5 $2 11. Qxd8+ Rxd8 12. Bxg6 $19)) 9... a6 10. Nxd6+ Qxd6 11. O-O (11. Bxh7 $2 O-O-O 12. Ng5 f6 (12... Nxd4 $2 13. Qd1 $19) 13. Nxe6 Qxe6+ 14. Be3 g6 $19 (14... Nxd4 $2 15. O-O-O $19)) 11... O-O-O 12. Ne5 (12. Bxh7 g6 13. Qg5 Rxh7 $17) 12... Nxd4 (12... f6 {simplifies} 13. Nxc6 Nxc6 14. c3 Qd7) 13. Nxf7 Bxf7 14. Qxf7 Rdf8 15. Qh5 $1 (15. Qxg7 Nf3+ 16. gxf3 Rhg8 $17) 15... c5 (15... Kb8 $14) 16. Bg5 (16. Bxh7 $2 g6 17. Qh3+ Qd7 $19) 16... Ng6 17. b4 c4 (17... Ne6 $16) 18. Qg4+ $18 Ne6 19. Bf5 Kd7 $2 (19... Rxf5 {is a better defense.} 20. Qxf5 Rf8) 20. Rad1 Re8 (20... Rxf5 $142 21. Qxf5 Kc6) 21. Rfe1 {[%emt 0:04:14] and Rxe6 would now be decisive} h5 22. Qf3 {[%emt 0:08:41][%cal Od1d5] Threatening mate with Rxd5!.} Kc6 {[%emt 0:01:38] [#]} 23. Rxd5 $3 Qxd5 {[%emt 0:00:25] [#]} 24. Be4 $1 (24. Rxe6+ Rxe6 25. Bxe6 Qxf3 26. gxf3 Rf8 $19) ({Inferior is} 24. Bxg6 Qxf3 25. gxf3 (25. Bxe8+ Rxe8 26. gxf3 Nc7 $11) 25... Nc7 $11) 24... Nxg5 (24... Ngf4 $142 25. Bxf4 (25. Bxd5+ Nxd5 26. Qe4 b5 $18) 25... Nxf4 26. Bxd5+ Nxd5) 25. Bxd5+ Kd6 26. Qg3+ 1-0

[Event "Festival Groningen-A 2024"]
[Site "Groningen"]
[Date "2024.12.26"]
[Round "5.6"]
[White "Manish Anto Cristiano F"]
[Black "Mitusov, Semen"]
[Result "1/2-1/2"]
[ECO "C88"]
[WhiteElo "2296"]
[BlackElo "2465"]
[Annotator "TA"]
[PlyCount "108"]
[EventDate "2024.12.21"]
[EventType "swiss"]
[EventCountry "NED"]
[SourceTitle "playchess.com"]
[Source "ChessBase"]
[SourceQuality "1"]
[TimeControl "40/5400+30:1800+30"]

1. e4 e5 2. Nf3 Nc6 3. Bb5 a6 4. Ba4 Nf6 5. O-O Be7 6. Re1 b5 7. Bb3 O-O 8. a4 Bb7 9. d3 d6 10. c3 Na5 11. Bc2 c5 12. d4 cxd4 13. cxd4 b4 14. Nbd2 Nd7 15. b3 (15. d5) 15... exd4 $11 16. Nxd4 Bf6 17. Bb2 Qb6 18. Nf1 Rfe8 19. Ne3 g6 20. Qd2 Bg7 21. Ng4 d5 (21... Ne5 $11 22. Nh6+ Kh8) 22. Nh6+ $16 Kf8 {[%emt 0:00:13] [#]} 23. Qf4 (23. exd5 $1 $16 {[%cal Od4e6] Ne6+! is the strong threat.} Bxd5 (23... Rxe1+ $2 24. Rxe1 Nc5 25. d6 $18) 24. Rab1) 23... Ne5 $1 $14 24. Nf3 (24. Rad1 $16) 24... Qf6 $1 $11 (24... Nxf3+ 25. gxf3 f6 26. exd5 Bxd5 (26... Rxe1+ 27. Rxe1 Bxd5 28. Bd4 $18) 27. Bd4 $18) 25. Bxe5 Qxf4 (25... Rxe5 $11 {remains equal.} 26. Qxe5 Qxe5 27. Nxe5 Bxe5) 26. Bxf4 $16 Bxa1 27. Rxa1 dxe4 28. Ne1 Re6 ({Black should try} 28... Bc8 $1 $14) 29. Ng4 $16 Rc8 30. Rd1 Ke7 31. Bg5+ (31. Ne3 $18) 31... f6 $16 32. Nxf6 ({Better is} 32. Bd2 $16 Rb6 33. Bf4) 32... Rxf6 $11 33. Rd4 h6 34. Bxf6+ Kxf6 35. Rxb4 (35. Bxe4 Rc1 36. f3 (36. Rd6+ $2 Ke7 $19) 36... Bxe4 (36... Rxe1+ 37. Kf2 $15) (36... Nxb3 37. Rxb4 Rxe1+ 38. Kf2 $14) 37. Rxe4 Nxb3 38. Rf4+ Ke5 39. Rxb4 Rxe1+ $19) 35... Ke5 {[%emt 0:00:01] [#]} (35... Bd5 $14 {should be considered.}) 36. Kf1 (36. f3 $1 $16) 36... g5 37. Ke2 Bd5 38. Rb6 Nc6 39. b4 (39. Rxa6 $2 Nb4 40. Rxh6 Nxc2 $19) 39... h5 40. Bd1 (40. Rxa6 $2 Nxb4 (40... Bc4+ $2 41. Kd2 $19) 41. Rg6 Nxc2 $19) 40... Nd4+ 41. Kd2 Rf8 42. f3 (42. Rxa6 $2 Rxf2+ 43. Kc1 Rf1 $19) 42... exf3 43. gxf3 (43. Rxa6 $2 {too greedy.} fxg2 44. Nxg2 Rf2+ (44... Bxg2 $2 45. b5 $19) 45. Kc3 Rxg2 $19) 43... Bxf3 44. Nxf3+ Nxf3+ 45. Ke3 Nxh2 46. Bxh5 Nf1+ 47. Kd3 Rf4 48. a5 g4 49. Rg6 Rxb4 50. Bxg4 Ra4 51. Bc8 Ra3+ 52. Ke2 Ng3+ 53. Kd1 Ne4 54. Rxa6 Nd6 1/2-1/2

[Event "Festival Groningen-A 2024"]
[Site "Groningen"]
[Date "2024.12.26"]
[Round "5.7"]
[White "De Winter, Arthur"]
[Black "Van der Hagen, Loek"]
[Result "1-0"]
[ECO "D90"]
[WhiteElo "2446"]
[BlackElo "2315"]
[Annotator "TA"]
[PlyCount "73"]
[EventDate "2024.12.21"]
[EventType "swiss"]
[EventCountry "NED"]
[SourceTitle "playchess.com"]
[Source "ChessBase"]
[SourceQuality "1"]
[TimeControl "40/5400+30:1800+30"]

1. d4 Nf6 2. c4 g6 3. Nc3 d5 4. Nf3 Bg7 5. h4 dxc4 6. e4 {[%emt 0:02:07][%cal Oc1e3] [#]} c5 $1 7. d5 {[%emt 0:00:02] [#]} (7. Bxc4 cxd4) 7... b5 $1 {[%emt 0:08:11] Dodges Qa4} 8. h5 $1 Nxh5 9. Nxb5 (9. e5 Bg4 10. Be2 (10. Nxb5 Nd7 $15) 10... O-O $15) 9... Qa5+ {[%emt 0:02:28] [#]} 10. Nc3 $1 Bxc3+ (10... Nd7 11. Qc2) 11. bxc3 Qxc3+ (11... Nf6 $14) 12. Bd2 $16 Qa3 13. Bxc4 Ba6 {[%emt 0:00:27] [#]} (13... Nd7 $16) 14. Qb3 (14. Ne5 $1 $18 {aiming for Rh3.} Bxc4 15. Nxc4) 14... Qxb3 15. axb3 Bxc4 16. bxc4 Nd7 17. Ke2 {[%emt 0:05:28][%mdl 1024] White has strong compensation.} Nhf6 (17... a5 $16) 18. Bc3 O-O {[%emt 0:04:49] [#]} 19. Nd2 {[%emt 0:00:35] White is much more active.} (19. Ng5 $142 $1 ) 19... Rfe8 (19... a5 $142) 20. f3 e6 (20... a5 $142) 21. Kf2 (21. Ra6 $142) 21... Nh5 (21... a5 $142) 22. g3 Nb6 {[%emt 0:03:40] Black is weak on the dark squares} 23. Ra5 $36 {[%emt 0:02:14][%mdl 2048] White has strong initiative.} f5 24. Rha1 (24. Rxc5 Na4 25. g4 exd5 (25... Nxc5 26. gxh5 g5 27. Bd4 $15) 26. gxh5 fxe4 (26... Nxc5 27. hxg6 hxg6 28. cxd5 $11) 27. fxe4 (27. Rxd5 $2 e3+ 28. Ke1 Nxc3 $19) 27... dxe4 $15 (27... Nxc5 28. hxg6 hxg6 29. cxd5 $11)) 24... fxe4 25. fxe4 ({Not} 25. Rxc5 exd5 26. fxe4 dxe4 $17) (25. d6 $18) 25... Re7 (25... Nd7 $16 26. Rxa7 Rxa7 27. Rxa7 Nhf6) 26. Rxc5 $18 Rf8+ 27. Kg2 Ref7 28. Bd4 e5 $2 (28... exd5 {keeps fighting.} 29. cxd5 Rb7) 29. Bg1 (29. Bxe5 Rf2+ 30. Kh3 Nd7 $17 (30... Rxd2 31. Rxa7 Rc2 32. Rac7 $14)) 29... Nf6 30. Rc6 Kg7 31. c5 Nc8 32. Rb1 {[%emt 0:02:11] Repels Rb7} h5 33. d6 a5 34. Nc4 Nxe4 35. Nxe5 Rf5 36. Rb7+ Kh6 37. Be3+ 1-0

[Event "Festival Groningen-A 2024"]
[Site "Groningen"]
[Date "2024.12.26"]
[Round "5.8"]
[White "Palchuk, Andrii"]
[Black "Cernov, Henrik"]
[Result "1/2-1/2"]
[ECO "E62"]
[WhiteElo "2372"]
[BlackElo "2187"]
[Annotator "TA"]
[PlyCount "91"]
[EventDate "2024.12.21"]
[EventType "swiss"]
[EventCountry "NED"]
[SourceTitle "playchess.com"]
[Source "ChessBase"]
[SourceQuality "1"]
[TimeControl "40/5400+30:1800+30"]

1. d4 Nf6 2. Nf3 g6 3. g3 Bg7 4. Bg2 O-O 5. O-O d6 6. c4 Nc6 7. Nc3 e5 8. d5 Nb8 9. e4 a5 10. b3 Na6 11. Re1 Nc5 12. Rb1 Bd7 13. a3 b6 14. b4 axb4 15. axb4 Na4 16. Qc2 Nxc3 17. Qxc3 Ra4 18. Nd2 Qe7 19. Ra1 Rfa8 20. Rxa4 Rxa4 21. Nb3 h5 22. h3 Qe8 23. c5 bxc5 24. bxc5 Qb8 25. Nd2 dxc5 26. Ba3 c4 27. Nxc4 Qc8 (27... c6 $11 {remains equal.}) 28. Nb2 (28. Nxe5 $16 {Hoping for Bb2.} h4 29. gxh4) 28... Ra8 29. Kh2 Qa6 30. Bc5 Bb5 {[%emt 0:00:00] Prevents Nc4. The position is equal.} 31. Nd1 (31. Qxe5 $2 Ng4+ 32. hxg4 Bxe5 $19) 31... Qa4 32. Qb2 (32. Qxe5 $2 {too greedy.} Ng4+ 33. hxg4 Bxe5 $19) 32... Bd3 33. Qc1 (33. Qxe5 $2 Ng4+ 34. hxg4 Bxe5 $19) 33... Qc2 (33... Nxe4 $2 {is the wrong capture.} 34. Nb2 Qa2 35. Nxd3 $18) (33... Bxe4 $2 {loses.} 34. Nc3 Qa5 35. Nxe4 $18) 34. Qxc2 Bxc2 35. Nc3 Rb8 36. Re2 Bd3 {[%emt 0:00:06][%cal Ob8b3] [#] Strongly threatening ...Rb3!} 37. Rd2 Bc4 38. Be3 Bf8 39. Na4 Rb5 40. Nb2 Bb3 41. Nd3 Bd6 42. Rb2 Bc4 43. Rxb5 Bxb5 44. Nc5 Nd7 45. Nxd7 Bxd7 46. Kg1 {[%emt 0:00:14] Weighted Error Value: White=0.10 (very precise) /Black=0.08 (flawless) .  Mistake:       	White=1     	Black=1      Inaccurate:     	White=1     	Black=1      OK:         	White=12    	Black=18} 1/2-1/2

[Event "Festival Groningen-A 2024"]
[Site "Groningen"]
[Date "2024.12.26"]
[Round "5.9"]
[White "Laxman, R.R."]
[Black "Slagboom, Leandro"]
[Result "1/2-1/2"]
[ECO "D75"]
[WhiteElo "2310"]
[BlackElo "2370"]
[Annotator "TA"]
[PlyCount "136"]
[EventDate "2024.12.21"]
[EventType "swiss"]
[EventCountry "NED"]
[SourceTitle "playchess.com"]
[Source "ChessBase"]
[SourceQuality "1"]
[TimeControl "40/5400+30:1800+30"]

1. Nf3 Nf6 2. g3 c5 3. c4 Nc6 4. Bg2 d5 5. cxd5 Nxd5 6. Nc3 g6 7. d4 Bg7 8. e3 Nxc3 9. bxc3 Qa5 10. Bd2 O-O 11. O-O Qa6 12. Ng5 Bd7 13. Ne4 b6 14. h4 h6 15. f4 Rac8 16. h5 Na5 17. g4 cxd4 18. exd4 Qd3 19. Re1 {[%emt 0:03:12] and Bf1 should not be overlooked} (19. hxg6 Nc4 20. gxf7+ Rxf7 21. Bc1) 19... Qb5 (19... Nc4 $2 20. Bf1 Nb2 21. Bxd3 $18) 20. Rb1 Qc4 $1 21. Ra1 Qb5 22. Rb1 Qc4 $1 23. Ra1 Qc7 24. Qf3 (24. hxg6 $11 fxg6 25. Nf2) 24... Nc4 $17 {[%emt 0:01:21] Strongly threatening ...f5.} 25. Bc1 Bc6 (25... gxh5 $1 $17 26. f5 Nd6 27. Nxd6 Qxd6 (27... exd6 28. f6 $14)) 26. hxg6 $11 fxg6 27. Qd3 Nd6 28. Bd2 Qd7 29. Nxd6 Qxd6 30. Re2 Bxg2 31. Kxg2 Rf6 32. Qf3 {[%emt 0:01:32] Active counter play!} (32. Rae1 $14) 32... Re6 (32... g5 {is interesting.} 33. Qb7 Rc7 34. Qe4 gxf4 35. Rf1 Rg6) 33. Rae1 Rxe2+ 34. Rxe2 Rf8 35. Qb7 Rf7 36. Qa8+ (36. Qxa7 Qc6+ 37. Kf2 e5 $15) 36... Kh7 37. Qe4 Bf6 ({Black should play} 37... Qa3 $14) 38. Qe6 $16 Qxe6 39. Rxe6 {[%emt 0:00:06][%mdl 4096] Endgame KRB-KRB} g5 40. f5 Rf8 41. Kf3 Rc8 {[%emt 0:02:58] [#]} (41... Kg7 $16) 42. d5 $1 $18 Rd8 {[%emt 0:06:22] [#]} (42... Kg7 $16) 43. Ke4 $1 h5 $2 (43... Kg8 {was worth a try.} 44. Be3 Kf7) 44. gxh5 Kh6 45. c4 Kxh5 46. Bb4 Rc8 47. Bxe7 Rxc4+ 48. Kd3 $2 (48. Ke3 $18 {is the precise move to win.} Bxe7 49. Rxe7) 48... Rd4+ $16 49. Ke3 Rxd5 50. Bxf6 ({Much worse is} 50. Rxf6 $6 Re5+ 51. Kf3 Rxe7 $11) 50... Rxf5 {[%emt 0:00:27] KRB-KR} 51. Be5 Kg4 52. Bd6 Ra5 53. a3 Kf5 {[%emt 0:00:18] Prevents Re5+.} 54. Re7 Rd5 55. Bb8 Ra5 56. Kd4 (56. Bxa7 Rxa3+ 57. Kf2 Ra2+ 58. Ke1 Ra1+ 59. Ke2 b5 $16) ({Less strong is} 56. Rxa7 Rb5 57. Kd4 Rb3 $18) 56... Rxa3 57. Bxa7 (57. Rxa7 Rxa7 58. Bxa7 Kf4) 57... Rb3 58. Kc4 Rb1 59. Bb8 Kg4 60. Be5 Kf3 61. Bc3 g4 62. Kd3 g3 63. Rf7+ Kg2 64. Ke2 Rb3 65. Bd4 b5 66. Rg7 Ra3 67. Rg5 b4 68. Rb5 Rb3 1/2-1/2

[Event "Festival Groningen-A 2024"]
[Site "Groningen"]
[Date "2024.12.26"]
[Round "5.10"]
[White "Smeets, Kobe"]
[Black "Keuning, Selwin"]
[Result "1-0"]
[ECO "B39"]
[WhiteElo "2349"]
[BlackElo "2180"]
[Annotator "TA"]
[PlyCount "71"]
[EventDate "2024.12.21"]
[EventType "swiss"]
[EventCountry "NED"]
[SourceTitle "playchess.com"]
[Source "ChessBase"]
[SourceQuality "1"]
[TimeControl "40/5400+30:1800+30"]

1. e4 c5 2. Nf3 Nc6 3. d4 cxd4 4. Nxd4 g6 5. c4 Bg7 6. Be3 Nf6 7. Nc3 Ng4 8. Qxg4 Nxd4 9. Qd1 e5 10. Bd3 d6 11. O-O O-O 12. Nd5 a6 13. Rc1 Be6 14. Qd2 Bxd5 15. cxd5 Qd7 16. Rc3 Rac8 17. Rfc1 f5 18. Bxd4 exd4 (18... fxe4 $1 $14 19. Bxe4 (19. Rxc8 Rxc8 20. Bxe4 exd4 $16) 19... exd4 20. Rxc8 Rxc8) 19. Rxc8 $18 Rxc8 {[%emt 0:00:03] Black is weak on the light squares} 20. exf5 gxf5 21. Rxc8+ Qxc8 $14 {[%emt 0:00:13][%mdl 4096] Endgame KQB-KQB} 22. Qf4 Qc5 23. Qxf5 Qc1+ 24. Bf1 Be5 25. b3 Bxh2+ $2 (25... Qc7 26. g3 Qf7 27. Qc8+ Kg7) 26. Kxh2 $18 Qxf1 {[%emt 0:00:07] KQ-KQ} 27. Qg4+ Kf7 28. Qf4+ ({Much less strong is} 28. Qxd4 $6 Qe2 29. Qf4+ Ke7 30. Qg5+ Kd7 $16) 28... Kg8 29. Qxd4 Qe2 30. a4 b5 $2 (30... Kf7 {might work better.} 31. Kg3 Qc2) 31. axb5 axb5 32. Kg3 {[%emt 0:00:01] Hoping for Qg4+.} Qc2 33. b4 Qc1 $2 (33... Kf7 34. Qf4+ Ke7 35. Qe3+ Kd8 36. Qb6+ Ke7) 34. Qg4+ Kh8 35. Qf4 Qc3+ 36. Kh2 1-0

[Event "Festival Groningen-A 2024"]
[Site "Groningen"]
[Date "2024.12.26"]
[Round "5.11"]
[White "Weber, Samuel"]
[Black "Koster, Ramon"]
[Result "0-1"]
[ECO "B90"]
[WhiteElo "2263"]
[BlackElo "2330"]
[Annotator "RC"]
[PlyCount "80"]
[EventDate "2024.12.21"]
[EventType "swiss"]
[EventCountry "NED"]
[SourceTitle "playchess.com"]
[Source "ChessBase"]
[SourceQuality "1"]
[TimeControl "40/5400+30:1800+30"]

1. e4 c5 2. Nf3 d6 3. d4 cxd4 4. Nxd4 Nf6 5. Nc3 a6 6. h3 e5 7. Nde2 h5 8. g3 Be7 9. Bg2 b5 10. Nd5 Nxd5 11. Qxd5 Ra7 12. Be3 Rb7 13. a3 Nd7 14. Nc3 O-O 15. Qd2 Nf6 16. O-O Be6 17. f4 a5 18. b4 Qc8 19. f5 Bc4 20. Rf2 Rd7 21. Nd5 Bxd5 22. exd5 Qa6 23. bxa5 Ra8 24. Rb1 Bd8 25. Rb3 Bxa5 26. Qe2 Bb6 27. g4 Bxe3 28. Qxe3 Qa7 29. Qe2 hxg4 30. hxg4 Qd4 31. Rg3 Ra4 32. Qxb5 Rd8 33. c3 Qa7 34. Qe2 Rb8 35. c4 Rxa3 36. Rxa3 Qxa3 37. Kh2 Qc1 38. c5 Qxc5 39. Bf3 e4 40. Bg2 Qxf2 0-1